Cogmind - Beta 16.1 @@@ ROGUE MODE // 2026.03.30 @ 18:11:58 Player: ash Result: Destroyed by B3-9C2(h) with Bolt Gun Performance ------------- Evolutions (0) 0 Regions Visited (4) 800 Robots Destroyed (14) 70 Value Destroyed (335) 335 Prototype IDs (10) 200 Alien Tech Used (0) 0 Bonus (750) 750 TOTAL SCORE: 2155 Bonus ------- Registered with UFD 300 Met Optimus in HQ 500 Friendly Fire -50 Cogmind --------- Core Integrity 0/250 Matter 300/300 Energy 100/100 System Corruption 0% Temperature Cool (0) Movement Core (250) Ox4 Location -7/Scraptown Parts ------- > --- POWER (1) -------- (None) > --- PROPULSION (2) --- (None) > --- UTILITY (2) ------ Scrapoid Pod > --- WEAPON (2) ------- Makeshift Axe DM-GVY's Chainsaw > --- INVENTORY (5) ---- Light Ion Engine Machine Analyzer Spread Laser Peak State ------------ > --- POWER ------------ Ion Engine > --- PROPULSION ------- Improved Aluminum Leg > --- UTILITY ---------- Scrapoid Pod > --- WEAPON ----------- Makeshift Axe DM-GVY's Chainsaw > --- INVENTORY -------- Light Ion Engine Machine Analyzer Spread Laser [Rating: 28] Favorites ----------- Power Ion Engine Engine Ion Engine Propulsion Improved Aluminum Leg Leg Improved Aluminum Leg Utility Large Storage Unit Device Rocket Booster Storage Large Storage Unit Processor Targeting Computer Weapon Spread Laser Energy Gun Spread Laser Energy Cannon Advanced Beam Cannon Ballistic Gun Enhanced Autogun Slashing Weapon Makeshift Axe Build | -11 -10 -10 -10 -7 ------- Run | Yrd Mat Min Sub Scr Slots Evolved . | . . . . . Power . | . . . . . Propulsion . | . . . . . Utility . | . . . . . Weapon . | . . . . . Parts Attached 24 | 6 10 1 . 7 Power 1 | 1 . . . . Engine 1 | 1 . . . . Core . | . . . . . Reactor . | . . . . . Propulsion 6 | 2 3 . . 1 Treads . | . . . . . Leg 6 | 2 3 . . 1 Wheel . | . . . . . Hover . | . . . . . Flight . | . . . . . Utility 7 | 1 2 1 . 3 Device 2 | . . . . 2 Storage 4 | 1 1 1 . 1 Processor 1 | . 1 . . . Hackware . | . . . . . Protection . | . . . . . Artifact . | . . . . . Weapon 10 | 2 5 . . 3 Energy Gun 4 | 1 3 . . . Energy Cannon 2 | . 2 . . . Ballistic Gun 2 | 1 . . . 1 Ballistic Cannon . | . . . . . Launcher . | . . . . . Special Weapon . | . . . . . Impact Weapon . | . . . . . Slashing Weapon 2 | . . . . 2 Piercing Weapon . | . . . . . Special Melee Weapon . | . . . . . Unidentified Prototypes 4 | . 1 . . 3 Parts Lost 4 | . . . . 4 Power 1 | . . . . 1 Propulsion 3 | . . . . 3 Utility . | . . . . . Weapon . | . . . . . Highest Loss Streak 3 | . . . . 3 To Critical Strikes . | . . . . . Average Backups 11 | 1 6 9 9 12 Power 1 | . 1 1 2 1 Propulsion 2 | . 1 2 2 2 Utility 1 | . . 1 1 1 Weapon 4 | . 3 4 4 5 Tool/Special . | . . . . . Unused Backups 13 | . 3 2 . 8 Power 2 | . . . . 2 Propulsion 3 | . 1 . . 2 Utility 2 | . . 1 . 1 Weapon 6 | . 2 1 . 3 Tool/Special . | . . . . . Average Slot Usage (%) 98 | . 88 100 100 99 Engine 13 | . 14 14 14 13 Leg 27 | . 28 28 28 27 Device 1 | . . . . 1 Storage 13 | . 14 14 14 13 Processor 11 | . 3 14 14 11 Energy Gun 26 | . 27 28 28 25 Ballistic Gun 1 | . . . . 1 Peak Build Rating 28 | 6 12 12 12 28 Average Rating 13 | 5 8 12 12 14 On Entrance 8 | . 6 12 12 12 Avg Prop Armor Cover (%) . | . . . . . Naked Turns . | . . . . . Heaviest Build 36 | 13 31 31 31 36 Greatest Support 26 | 20 26 26 26 26 Greatest Overweight (x) 2 | . 1 1 1 2 Average Overweight (x) . | . . . . . Largest Inventory Capacity 35 | 8 15 15 15 35 Average Capacity 13 | 7 9 12 10 14 Most Carried 15 | 3 9 11 11 15 Average Carried 11 | 1 6 9 9 12 Final Capacity 15 | 8 15 10 15 15 Final Carried 14 | 3 9 9 11 14 Class Distribution -------------------- 100% | Mutant Dominant Class ---------------- Mutant | -10/Materials Mutant | -10/Mines Mutant | -10/Subcaves Mutant | -7/Scraptown Resources | -11 -10 -10 -10 -7 ----------- Run | Yrd Mat Min Sub Scr Matter Collected 537 | 173 172 26 3 163 Remotely . | . . . . . Salvage Created 500 | 51 127 31 27 264 Parts 31 | 3 6 6 2 14 Haulers Intercepted . | . . . . . Recyclers Shooed . | . . . . . Parts Field Recycled . | . . . . . Retrieved Matter . | . . . . . Parts Self-Destructed . | . . . . . Prevented . | . . . . . Parts Restored . | . . . . . Kills | -11 -10 -10 -10 -7 ------- Run | Yrd Mat Min Sub Scr Combat Hostiles Destroyed 11 | . 4 3 . 4 Melee 1 | . . . . 1 Guns 7 | . 1 3 . 3 AOE 3 | . 3 . . . Classes Destroyed 8 | 1 3 . 1 3 Tunneler 2 | 2 . . . . Watcher 1 | . 1 . . . Swarmer 6 | . 3 3 . . Grunt 1 | . 1 . . . Explorer 1 | . . . . 1 Scientist 1 | . . . 1 . Scrapper 2 | . . . . 2 Mutant 1 | . . . . 1 Best Kill Streak 3 | 2 3 3 . 1 Combat Bots Only 3 | . 3 3 . 1 Max Kills in Single Turn 2 | 1 2 1 1 1 Gunslinging . | . . . . . Exploded 2 | . 2 . . . Melee 1 | . . . . 1 Uniques/NPCs Destroyed . | . . . . . Combat | -11 -10 -10 -10 -7 -------- Run | Yrd Mat Min Sub Scr Hostile Shots Fired 104 | . 16 13 . 75 Missed 28 | . 6 1 . 21 Hits 76 | . 10 12 . 54 Projectile 76 | . 10 12 . 54 Critical Strikes 3 | . . . . 3 Damage Taken 987 | . 146 92 . 749 Core 250 | . . . . 250 Absorbed by Shields . | . . . . . Core Remaining (%) 100 | 100 . . . . Volleys Fired 49 | 11 10 3 2 23 Largest 2 | 2 2 2 2 2 Hottest 130 | 60 80 130 130 130 Shots Fired 77 | 22 20 6 4 25 Gun 77 | 22 20 6 4 25 Cannon . | . . . . . Launcher . | . . . . . Special . | . . . . . Kinetic 33 | 11 . . . 22 Thermal 13 | . . 6 4 3 Explosive . | . . . . . Electromagnetic 31 | 11 20 . . . Robot Hit Streak 5 | 4 5 4 5 3 Robot Miss Streak 5 | 2 5 4 5 5 Penetration Max . | . . . . . Secondary Targets 1 | . . 1 . . Max Gunslinging Chain 1 | . . 1 . . Shots Hit Robots 52 | 16 12 5 3 16 Core Hits 38 | 3 9 9 5 12 Critical Kills . | . . . . . Critical Parts Destroyed . | . . . . . Critical Strikes . | . . . . . Melee Attacks 12 | . . . . 12 Impact . | . . . . . Slashing 12 | . . . . 12 Piercing . | . . . . . Sneak Attacks . | . . . . . Combat Hostiles . | . . . . . Follow-up Attacks 2 | . . . . 2 Damage Inflicted 839 | 178 243 46 30 342 Guns 603 | 178 142 34 30 219 Cannons . | . . . . . Explosions 101 | . 101 . . . Melee 123 | . . . . 123 Ramming 12 | . . 12 . . Kinetic 243 | 58 . . . 185 Thermal 199 | . 101 34 30 34 Explosive . | . . . . . Electromagnetic 262 | 120 142 . . . Impact . | . . . . . Slashing 123 | . . . . 123 Piercing . | . . . . . Highest Corruption . | . . . . . Average Corruption . | . . . . . Corruption Purged . | . . . . . Corruption Blocked . | . . . . . Overload Shots . | . . . . . Overflow Damage . | . . . . . Projectiles . | . . . . . Explosions . | . . . . . Melee . | . . . . . Knockbacks . | . . . . . Impact . | . . . . . Kinetic . | . . . . . Secondary . | . . . . . Self-Inflicted Damage 26 | . 26 . . . Shots 1 | . 1 . . . Rammed . | . . . . . Targets Rammed 2 | . . 2 . . Kicked 2 | . . 2 . . Crushed . | . . . . . Highest Temperature 207 | 42 87 207 9 69 Average Temperature 36 | 21 40 108 6 14 Received Heat Transfer 450 | . 51 . . 399 Siege Activations . | . . . . . Martial Activations . | . . . . . Shielding Activations . | . . . . . Robots Disrupted . | . . . . . Combat Hostiles . | . . . . . Robots Corrupted . | . . . . . Combat Hostiles . | . . . . . Parts Fried 2 | 1 1 . . . Impact Corruptions . | . . . . . Robots Melted . | . . . . . Combat Hostiles . | . . . . . Parts Melted . | . . . . . Heat Transferred 270 | . 150 45 35 40 Parts Sabotaged . | . . . . . Parts Stolen . | . . . . . Parts Stripped . | . . . . . Power Chain Reactions 2 | . 2 . . . Alert | -11 -10 -10 -10 -7 ------- Run | Yrd Mat Min Sub Scr Maximum Alert Level . | . . . . . Low Security (%) 100 | 100 100 100 . . Level 1 . | . . . . . Level 2 . | . . . . . Level 3 . | . . . . . Level 4 . | . . . . . Level 5 . | . . . . . High Security . | . . . . . Max Security . | . . . . . Peak Influence 113 | 5 113 70 . . Initial . | . . . . . Average 31 | . 37 36 . . Influence Increases 230 | 10 150 70 . . Destroy 0b10 Robot/C 140 | . 80 60 . . Destroy 0b10 Robot/NC 15 | 10 5 . . . Destroy Leader 32 | . 22 10 . . Successful Hack 3 | . 3 . . . Disable Machine 15 | . 15 . . . Destroy Structure 10 | . 10 . . . Lose Combat Pursuer 15 | . 15 . . . Influence Decreases 230 | 10 150 50 20 . Entered New Map 11 | . . . 11 . Time Decay 219 | 10 150 50 9 . Squads Dispatched 1 | . 1 . . . Investigation 1 | . 1 . . . Extermination . | . . . . . Reinforcement . | . . . . . Assault . | . . . . . Garrison . | . . . . . Intercept . | . . . . . Searches Triggered . | . . . . . Construction Impeded . | . . . . . Haulers Reinforced . | . . . . . Active Scanning Responses . | . . . . . Cargo Convoy Interrupts . | . . . . . Stealth | -11 -10 -10 -10 -7 --------- Run | Yrd Mat Min Sub Scr Distress Signals 1 | . 1 . . . Communications Jammed . | . . . . . Distress Signals . | . . . . . Times Spotted 28 | . 8 3 . 17 Peak Tracking Total 4 | . 4 3 . 4 Tactical Retreats 1 | . 1 . . . Traps | -11 -10 -10 -10 -7 ------- Run | Yrd Mat Min Sub Scr Traps Triggered 1 | . 1 . . . Indirectly . | . . . . . Trap Hack Attempts . | . . . . . Triggered . | . . . . . Disarmed . | . . . . . Reprogrammed . | . . . . . Reused . | . . . . . Traps Extracted . | . . . . . Installed 1 | . . . . 1 Triggered . | . . . . . Most Traps Carried 1 | . . . . 1 Machines | -11 -10 -10 -10 -7 ---------- Run | Yrd Mat Min Sub Scr Machines Disabled 5 | . 1 . . 4 Max in Single Turn 1 | . 1 . . 1 Machines Repaired . | . . . . . Machines Dismantled . | . . . . . Machines Sabotaged . | . . . . . Overloaded Fab Kills . | . . . . . Hacking | -11 -10 -10 -10 -7 --------- Run | Yrd Mat Min Sub Scr Machines Accessed 8 | . 3 . . 5 Terminals 2 | . 2 . . . Fabricators . | . . . . . Repair Stations 1 | . 1 . . . Recycling Units . | . . . . . Scanalyzers . | . . . . . Garrison Access . | . . . . . Total Hacks 26 | . 9 . . 17 Successful 19 | . 2 . . 17 Failed 7 | . 7 . . . Catastrophic 1 | . 1 . . . Database Lockouts . | . . . . . Manual 2 | . 2 . . . Terminals 8 | . 8 . . . Fabricators . | . . . . . Repair Stations 1 | . 1 . . . Recycling Units . | . . . . . Scanalyzers . | . . . . . Garrison Access . | . . . . . Terminal Hacks 18 | . 1 . . 17 Record 17 | . . . . 17 Branch Access Points 1 | . 1 . . . Fabricator Hacks . | . . . . . Repair Station Hacks . | . . . . . Recycling Unit Hacks . | . . . . . Scanalyzer . | . . . . . Garrison Access Hacks . | . . . . . Unauthorized Hacks 1 | . 1 . . . Terminals . | . . . . . Fabricators . | . . . . . Repair Stations 1 | . 1 . . . Mechanics 1 | . 1 . . . Recycling Units . | . . . . . Scanalyzers . | . . . . . Garrison Access . | . . . . . Data Cores Recovered . | . . . . . Used . | . . . . . Hacking Detections 2 | . 2 . . . Full Trace Events 1 | . 1 . . . Feedback Events . | . . . . . Feedback Blocked . | . . . . . Robot Schematics Acquired . | . . . . . Robots Built . | . . . . . Authchips . | . . . . . Time . | . . . . . Total Robot Build Rating . | . . . . . Part Schematics Acquired . | . . . . . Parts Built . | . . . . . Authchips . | . . . . . Time . | . . . . . Total Part Build Rating . | . . . . . Part Studies Acquired . | . . . . . Parts Repaired . | . . . . . Time . | . . . . . Parts Recycled . | . . . . . Recycled Matter . | . . . . . Retrieved Matter . | . . . . . Retrieved Components . | . . . . . Parts Scanalyzed . | . . . . . Part Schematics Acquired . | . . . . . Parts Damaged . | . . . . . Bothacking | -11 -10 -10 -10 -7 ------------ Run | Yrd Mat Min Sub Scr Used RIF Installer . | . . . . . Robots Hacked . | . . . . . Non-combat . | . . . . . Combat . | . . . . . Robot Hacks Applied . | . . . . . Relay Couplers Released . | . . . . . Fabnet Peak Effective % . | . . . . . Robots Rewired . | . . . . . Allies Hacked . | . . . . . Hacks Repelled . | . . . . . Allies | -11 -10 -10 -10 -7 -------- Run | Yrd Mat Min Sub Scr Total Allies . | . . . . . Largest Group . | . . . . . Highest-Rated Group . | . . . . . Highest-Rated Ally . | . . . . . Total Orders . | . . . . . Ally Attacks . | . . . . . Total Damage . | . . . . . Kills . | . . . . . Allies Corrupted . | . . . . . Allies Melted 7 | . . . . 7 Intel | -11 -10 -10 -10 -7 ------- Run | Yrd Mat Min Sub Scr Active Infowar (turns) . | . . . . . Robot Analysis Total . | . . . . . Derelict Logs Recovered 1 | . . . 1 . Drone Launches . | . . . . . Drone Recoveries . | . . . . . Exploration | -11 -10 -10 -10 -7 ------------- Run | Yrd Mat Min Sub Scr Turns Passed 3905 | 99 426 135 259 2986 Spaces Moved 1998 | 48 276 78 208 1388 Core 1 | 1 . . . . Treads . | . . . . . Legs 1997 | 47 276 78 208 1388 Wheels . | . . . . . Hover . | . . . . . Flight . | . . . . . Fastest Speed 50 | 50 120 120 120 120 Average Speed 170 | 118 132 146 120 189 Slowest Speed 260 | 120 190 190 190 260 Overloaded Moves . | . . . . . Propulsion Burnouts . | . . . . . Robots Hopped . | . . . . . Potential Cave-ins . | . . . . . Cave-ins Triggered . | . . . . . Exploration Rate (%) 35 | 4 50 22 18 82 Regions Visited 4 Branch Regions 3 Pre-discovered Areas 1 | . . . 1 . Known Exits Taken 1 | . 1 . . . Unknown Exits Taken 3 | 1 . 1 1 . Scrap Searched 7 | . . . . 7 Spaces Dug . | . . . . . Terrain Destroyed 8 | . 8 . . . Melee . | . . . . . Projectile . | . . . . . AOE 8 | . 8 . . . Terrain Rammed . | . . . . . Walls Destroyed . | . . . . . Machines Disabled . | . . . . . Actions | -11 -10 -10 -10 -7 --------- Run | Yrd Mat Min Sub Scr Total 2412 | 67 319 94 213 1719 Wait 289 | . 3 3 1 282 Move 1994 | 47 275 77 207 1388 Hop . | . . . . . Pick Up 21 | 3 9 4 2 3 Fast Attach 15 | 6 5 . . 4 Attach 2 | . . . . 2 Detach 4 | . 1 . . 3 Swap 8 | . 5 1 1 1 Drop 19 | . 11 4 . 4 Fire 49 | 11 10 3 2 23 Melee 8 | . . . . 8 Ram . | . . . . . Kick 2 | . . 2 . . Crush . | . . . . . Escape Stasis . | . . . . . Rewire . | . . . . . Trap 1 | . . . . 1 Miscellaneous . | . . . . . Route ------- -11/Scrapyard -10/Materials (discovered 3 exits: [*Mat] / *Min x2) -10/Mines (discovered 2 exits: [*Mat] / [*Sub]) -10/Subcaves -7/Scraptown (discovered 2 exits: *Fac x2) History --------- Turn | Location | Event 22 | -11/Scrapyard | Discovered new exit (range 15) 100 | -11/Scrapyard | Entered Materials 189 | -10/Materials | Identified exit to Mines 310 | -10/Materials | Discovered new exit (range 13) 358 | -10/Materials | Build established: Mutant 526 | -10/Materials | Entered Mines 626 | -10/Mines | Assembled infested the area 629 | -10/Mines | Discovered new exit (range 12) 648 | -10/Mines | Discovered new exit (range 13) 661 | -10/Mines | Entered Subcaves 662 | -10/Subcaves | Approached by a straggling Scientist 853 | -10/Subcaves | Learned location of Mines (-9) 906 | -10/Subcaves | Scientist uncovered a shortcut to Scraptown 920 | -10/Subcaves | Entered Scraptown 1241 | -7/Scraptown | Visited UFD Registry 1241 | -7/Scraptown | Registered with UFD as "Steelskull" 1267 | -7/Scraptown | Visited Awakened 1320 | -7/Scraptown | Visited Bundlers 1417 | -7/Scraptown | Heard Great Nut preacher, LISTEN AND RECITE! 1434 | -7/Scraptown | Visited Shadow of the Wyrm 1455 | -7/Scraptown | Visited Red Mages 1577 | -7/Scraptown | Discovered new exit (range 3) 1959 | -7/Scraptown | Visited Cyclists 1982 | -7/Scraptown | Entered Cyclist Reading Room 2130 | -7/Scraptown | Visited LU-1G1's Boring Crew 2202 | -7/Scraptown | Visited Scrapoid Research Area 2498 | -7/Scraptown | Visited Infowarlord's Domain 2586 | -7/Scraptown | Visited Abandonware Association 2611 | -7/Scraptown | Learned abandonware demo "MELTYB.EXE" 2658 | -7/Scraptown | Visited Curators Association 2791 | -7/Scraptown | Visited Science Testing Area 2829 | -7/Scraptown | Visited Scrapoid Pod Storage 2839 | -7/Scraptown | Found Scrapoid Pod 2887 | -7/Scraptown | Met Optimus 2887 | -7/Scraptown | Accepted into 0bPrime 3275 | -7/Scraptown | Visited Cartography Club 3286 | -7/Scraptown | Civil war broke out across Scraptown 3360 | -7/Scraptown | Identified exit to Factory 3365 | -7/Scraptown | Lost 4 allies 3630 | -7/Scraptown | Optimus destroyed in the chaos of civil war 3779 | -7/Scraptown | Lost 4 allies 3844 | -7/Scraptown | Found Prototype Slashing Weapon 3844 | -7/Scraptown | Identified DM-GVY's Chainsaw 3858 | -7/Scraptown | Found Prototype Storage 3858 | -7/Scraptown | Identified Vmp. Humpback 3890 | -7/Scraptown | Core integrity fell below 50% 3896 | -7/Scraptown | Core integrity fell below 20% 3906 | -7/Scraptown | Destroyed by B3-9C2(h) with Bolt Gun Last Messages --------------- 03880_ Critical hit (Burn: +50). 03883_ Acquired 2 matter. 03884_ Mak. Axe follow-up attack on KN-XSO(j). 03888_ KN-XSO(j) destroyed. 03889_ Imp. Aluminum Leg destroyed. 03889_ Penetrated by Bolt. 03892_ Critical hit (Burn: +50). 03892_ Penetrated by Bolt. 03894_ Acquired 10 matter. 03896_ Ion Engine destroyed. 03896_ Critical hit (Burn: +50). 03896_ Mak. Axe follow-up attack on OG-8QX(j). 03897_ OG-8QX(j) cannibalizes Ovr. Titanium Leg to repair Ovr. Titanium Leg. 03897_ Bolt penetrates Machine. 03900_ OG-8QX(j) cannibalizes Salvaging Laser to repair Ovr. Pulse Rifle. 03900_ Penetrated by Bolt. 03902_ Bolt penetrates OG-8QX(j). 03905_ Imp. Aluminum Leg destroyed. 03906_ Penetrated by Bolt. Map ----- +----------------------------------------------------+ | ?????????????????????????????????????????????????? | | ?????????????????????????????????????????????????? | | ?????????????????????????????????????????????????? | | ?????????????????????????????????????????????????? | | ?????????????????????????????????????????????????? | | ?????????????????????????????????????????????????? | | ?????????????????????????????????????????????????? | | ?????????????????????????????????????????????????! | | ?????????????????????????????????????????????????! | | ????????????????###?###??????????????????????????= | | ????????????????#"### #?????????????????????????#! | | ?????????????####!"!" ####?###########??????????#! | | ######???????#"[[!!"" "#?#"""""""""#??????##??#[ | | """""#???????##""=[=[ ""##?# " " " #??"""? "??#= | | "#????????# ]]* "]#??# #?? ? "??#! | | "#???????##"" "##?# "# #" ##?" " ??!= | | "" "#???????#" % [ "#?# "#X#" ## " "?"# | | "" "#???????##"" !% ""##?# "###" ## " " " #= | | "" "#????????#]" ^ #??# """"" ## " #= | | "#???????##"" ""##?# #? # | | "#???????#" "#?# #???"""""??# | | "#???????######!######?#### ######????# #???# | | ## ####???????##### #########=#%####=##;### ##### | | #???????#""""="" ""g*%![!=%!=!* "" """" = | | #???????#" !!! !!%[h !%[=!%[! [*%= | | #??????## =%=%= @ *!!=[%!!*[==% !!! | | #??????#; !*!!*![[= =!=! !*!!%[!= | | #??????## =%=!%[!% j% [%!!%!=![[ | | #????#### [! *[=!%* [===![*= | | #????"""" """%"=" """"""!""""" """"""" | | #????"""" """"""""""""""" """""""""""" | | #????"""" ""###### ################"" | | #????"""" ""# ##????????#""= | | #????"""" * "# ! ! X"#????????#""% | | ###?#"""" % ""# "" "" ##????????#""= | | ""#"#"""" *=""# ""[=* "" X"#??????###" | | """"#"""" %""#%="= =" ######### #" | | % ""#######" !!!%!!=%[ "" %*! [ | | =% ###?????# "====% ""= ==% =%= | | !!=%#########"! [* "# =" !" ######### # | | *%[!!==%*=!%!!%! *!%""# "" "" ""#??????### " | | ! !=!%!%[!!%=%[= %=""# "" ""[ ##????????#" | | [ !%!!%!!*![[![ %[ ""# =% X"#????????#"" | | [[%%[%[[%!!==!!!!= ""# ##????????#"" | | !! !=%!!=*/* ""###### ################" | | |%= ==!!=[!== """""""""""""""""""""""""""" | | [=% !!*=%[!%!% """""""""""""""""""""""" ""! | | [%% !!%%[![!*= !%= == | | !! !!!*!=! !=! [= =!! | | %=%==%! %!%=[== = !=!!==! | +----------------------------------------------------+ Best States ------------- Heat Dissipation 25 Energy Generation 10 Energy Capacity 250 Matter Stores 300 Matter Capacity 300 Sight Range 16 Terrain Scan Density 10 Evasion (%) 55 Targeting Accuracy 5 Item Schematics ----------------- None Robot Schematics ------------------ None Fabricated ------------ Nothing Repaired ---------- Nothing Studied --------- None Alien Tech Used ----------------- None Achievements -------------- None Challenges ------------ None Game ------ Seed SuspensionTargetHarness Manual? 0 Play Time 00:30:04 Cumulative 117.9 hours Start 2026.03.30 @ 17:41:52 End 2026.03.30 @ 18:11:58 Sessions 1 Manual Loads 0 Difficulty Rogue Special Mode None Game No. 113 Rogue 68 Adventurer 45 Explorer 0 Win Type - Total 3 Types 2/0/0/1/0/0/0/0/0/0 Lore% 64 Gallery% 56 Achievement% 40 Wizard Run 0 Options --------- Layout 0 ASCII 0 Keyboard 1 Movement Numpad Keybinds 0 Fullscreen 1 Font 24/Smallcaps Map View 76x50 Zoom Use 0% Tactical HUD 1 Map Filters NONE Filters NONE Steam 1 RUN: db6398e3-757c-40b7-844d-2e04f32ab7bf